 Dungeon Crawl Stone Soup version 0.26-a0-660-gc07710193c (webtiles) character file.

Game seed: 8715608038467551807

52964 robertstho the Thaumaturge (level 14, -4/107 (108) HPs)
             Began as a Gnoll Ice Elementalist on Oct 5, 2020.
             Was an Elder of Sif Muna.
             Slain by a catoblepas (13 damage)
             ... while petrified by you
             ... on level 6 of the Lair of Beasts.
             The game lasted 01:06:15 (23873 turns).

robertstho the Thaumaturge (GnIE)                  Turns: 23873, Time: 01:06:16

HP:   -4/107 (108)  AC:  9    Str: 10    XL:     14   Next: 66%
MP:   11/37         EV:  2    Int: 21    God:    Sif Muna [****..]
Gold: 1896          SH:  0    Dex: 18    Spells: 8/34 levels left

rFire    + . .     SeeInvis .   P - +2 falchion of the Spheres {pain, *Corrode +Blink rPois}
rCold    + . .     Faith    .   (no shield)
rNeg     + + +     Spirit   .   R - +0 steam dragon scales
rPois    ∞         Reflect  .   (no helmet)
rElec    .         Harm     .   N - scarf {rC+ rF+}
rCorr    .         Rampage  .   m - +0 pair of gloves
MR       +....                  B - +0 pair of boots
Stlth    +++++.....             F - amulet of the acrobat
HPRegen  0.27/turn              O - ring of magical power
MPRegen  0.25/turn              S - ring of wizardry

@: petrified
A: distributed training, fangs 1, strong nose
a: Channel Magic, Forget Spell, Divine Exegesis, Renounce Religion, Evoke Blink


You were on level 6 of the Lair of Beasts.
You worshipped Sif Muna.
Sif Muna was greatly pleased with you.
You visited 3 branches of the dungeon, and saw 18 of its levels.
You also visited: Bailey.

You collected 1896 gold pieces.

Inventory:

Hand Weapons
 k - the +7 mace of Variability {chain chaos}
   (You found it on level 9 of the Dungeon)

   Each time it hits an enemy it has a different, random effect.
 G - a +2 dire flail
 P - the +2 falchion of the Spheres (weapon) {pain, *Corrode +Blink rPois}
   (You found it on level 6 of the Dungeon)

   In the hands of one skilled in necromantic magic, it inflicts extra damage on
   living creatures.
   It protects you from poison.
   It lets you blink.
   It may corrode you when you take damage.
Missiles
 q - 23 poisoned darts (quivered)
Armour
 m - a +0 pair of gloves (worn)
 v - the +3 leather armour "Aveubb" {rN+ Str+4 Int-3 Dex+3}
   (You found it on level 4 of the Dungeon)

   It affects your strength (+4).
   It affects your intelligence (-3).
   It affects your dexterity (+3).
   It protects you from negative energy.
 B - a +0 pair of boots (worn)
 D - a scarf of invisibility
 M - a +2 robe of magic resistance
 N - a scarf of resistance (worn)
 R - +0 steam dragon scales (worn)
Jewellery
 i - an uncursed ring of fire
 t - a cursed amulet of inaccuracy {unknown}
 A - an uncursed ring of magical power
 F - an amulet of the acrobat (around neck)
 H - an uncursed ring of protection from cold
 O - a ring of magical power (left hand)
 Q - an uncursed ring of protection from cold
 S - a ring of wizardry (right hand)
 Z - an uncursed amulet of regeneration {unknown}
Wands
 p - a wand of disintegration (22)
 w - a wand of iceblast (14)
 J - a wand of flame (38)
 V - a wand of digging (3)
Scrolls
 a - 2 scrolls of torment {unknown}
 c - 4 scrolls of fear {unknown}
 e - 13 scrolls of teleportation
 j - 9 scrolls of remove curse
 o - 4 scrolls of amnesia {unknown}
 s - 5 scrolls of enchant armour {unknown}
 x - 2 scrolls of immolation {unknown}
 y - a scroll of identify
 E - 2 scrolls of enchant weapon {unknown}
 I - 2 scrolls of blinking {unknown}
 K - a scroll of silence {unknown}
 L - 3 scrolls of random uselessness {unknown}
 U - 2 scrolls of noise {unknown}
 X - 2 scrolls of magic mapping
 Y - 2 scrolls of summoning
Potions
 b - 2 potions of cancellation
 d - 8 potions of stabbing
 f - 3 potions of haste
 g - 9 potions of curing
 h - 13 potions of flight {unknown}
 l - 3 potions of magic
 n - 5 potions of might
 r - 6 potions of heal wounds
 u - 7 potions of lignification
 z - 3 potions of berserk rage
 C - 6 potions of ambrosia
 T - 2 potions of brilliance
 W - a potion of mutation


   Skills:
 + Level 9.4 Fighting
 + Level 9.4 Short Blades
 + Level 9.4 Long Blades
 + Level 9.4 Axes
 + Level 9.4 Maces & Flails
 + Level 9.4 Polearms
 + Level 9.4 Staves
 + Level 9.4 Slings
 + Level 9.4 Bows
 + Level 9.4 Crossbows
 + Level 9.4 Throwing
 + Level 9.4 Armour
 + Level 10.4 Dodging
 + Level 10.2 Stealth
 + Level 9.4 Shields
 + Level 9.4 Unarmed Combat
 + Level 10.6 Spellcasting
 + Level 7.8 Conjurations
 + Level 7.8 Hexes
 + Level 7.8 Summonings
 + Level 7.8 Necromancy
 + Level 7.8 Translocations
 + Level 7.8 Transmutations
 + Level 7.8 Fire Magic
 + Level 10.5 Ice Magic
 + Level 7.8 Air Magic
 + Level 7.8 Earth Magic
 + Level 7.8 Poison Magic
 + Level 10.2 Invocations
 + Level 9.4 Evocations


You had 8 spell levels left.
You knew the following spells:

 Your Spells              Type           Power        Failure   Level
a - Freeze                Ice            ####         1%          1
b - Frozen Ramparts       Ice            ######       1%          3
c - Ozocubu's Armour      Ice            ######..     1%          3
d - Hailstorm             Conj/Ice       #####...     1%          4
e - Summon Ice Beast      Ice/Summ       #####...     1%          4
f - Apportation           Tloc           #####.       1%          1
g - Blink                 Tloc           N/A          1%          2
h - Mephitic Cloud        Conj/Pois/Air  #####...     1%          3
i - Irradiate             Conj/Tmut      #####.....   2%          5

Your spell library contained the following spells:

 Spells                   Type           Power        Failure   Level
 Animate Skeleton         Necr           #####.       1%          1
 Corona                   Hex            #####..      1%          1
 Magic Dart               Conj           ####         1%          1
 Summon Small Mammal      Summ           ####         1%          1
 Call Imp                 Summ           #####...     1%          2
 Slow                     Hex            #####...     1%          2
 Call Canine Familiar     Summ           #####...     1%          3
 Conjure Flame            Conj/Fire      #####...     1%          3
 Summon Lightning Spire   Summ/Air       #####...     1%          4
 Hydra Form               Tmut           #####.....   16%         6
 Statue Form              Tmut/Erth      #####....    16%         6
 Dragon Form              Tmut           #####.....   58%         7
 Malign Gateway           Summ/Tloc      #####.....   58%         7
 Summon Hydra             Summ           #####.....   58%         7
 Summon Horrible Things   Summ           #####.....   99%         8


Dungeon Overview and Level Annotations

Branches:
Dungeon (11/15)            Temple (1/1) D:6            Lair (6/6) D:11
  Swamp (0/4) Lair:3       Spider (0/4) Lair:2        Slime (0/5) Lair:5
    Orc (0/2) D:9          Bailey (visited)

Altars:
Ashenzari
Cheibriados
Dithmenos
Elyvilon
Fedhas
Gozag
Hepliaklqana
Kikubaaqudgha
Makhleb
Nemelex Xobeh
Okawaru
Qazlal
Ru
Sif Muna
Trog
Uskayaw
Vehumet
Wu Jian
Xom
Yredelemnul
The Shining One

Shops:
D:4 (

Annotations:
D:3 1 runed translucent door, Barbarella's ghost, amateur HuFi
D:5 1 runed translucent door, 1 transporter, Crazy Yiuf


Innate Abilities, Weirdness & Mutations

Your experience applies equally to all skills.
You have very sharp teeth.
Your uncanny sense of smell can sniff out nearby items.


Message History

Your ice beast barely misses the catoblepas.
Your ice beast hits the catoblepas but does no damage.
The wall freezes the catoblepas!
The catoblepas gores you.
* * * LOW HITPOINT WARNING * * *
The wall freezes the catoblepas.
The catoblepas gores you!
* * * LOW HITPOINT WARNING * * *
Your ice beast hits the catoblepas.
Your ice beast freezes the catoblepas!
The catoblepas dies!
Sif Muna accepts your kill.
Your ice beast hits the catoblepas but does no damage.
The wall freezes the catoblepas.
The catoblepas gores you!
* * * LOW HITPOINT WARNING * * *
The wall freezes the catoblepas.
The catoblepas gores you!
* * * LOW HITPOINT WARNING * * *
The frozen ramparts melt away.
The catoblepas breathes a plume of calcifying dust at you.
The blast of calcifying dust hits you but does no damage.
Your ice beast hits the catoblepas but does no damage. x2
You are engulfed in calcifying dust.
The catoblepas gores you!!
You die...

##..##.### ...
##.......P## #.#
#......#...## #.#
#.....###...## #.#
#P...## ##...## #.#
###..### ###... #.#
##...## ###. ####Y##
###..## ##. #..YY@#
##...# ##..
#...#†.## #...##
#..# #.####.Y#
##...###.## # ##.†##
##........##
#P...####..###.....#
##.....##..##
###...# #..8.8.†.†.#
##... ∆
#..8†P..8.### ###.
#.....8....# #####


You could see a catoblepas and 3 friendly ice beasts.

Vanquished Creatures
  A boulder beetle (Lair:2)
  2 hydras
  A catoblepas (Lair:5)
  8 death yaks (Lair:6)
  Urug (Lair:2)
  Nergalle (Lair:4)
  A wizard (D:11)
  4 manticores
  4 black mambas
  4 elephants
  11 cane toads
  4 komodo dragons
  4 rime drakes
  2 polar bears
  4 blink frogs
  7 dream sheep (Lair:5)
  Sigmund (D:3)
  6 wyverns
  40 yaks
  3 basilisks
  Eustachio (D:6)
  2 chaos spawn (D:9)
  2 steam dragons
  2 vampire mosquitoes (Lair:3)
  14 water moccasins
  11 orc warriors
  A black bear (D:7)
  2 sky beasts
  7 ogres
  A necrophage (D:9)
  18 wolves
  4 centaurs
  A big kobold (D:6)
  9 bullfrogs
  A scorpion (D:11)
  A water moccasin skeleton (D:4)
  12 killer bees
  2 wights
  2 howler monkeys (D:11)
  3 quasits
  6 hounds
  A bullfrog zombie (D:10)
  A jelly (D:9)
  3 orc priests
  3 iguanas
  17 orc wizards
  5 hell rats (Lair:5)
  12 worker ants
  5 hound skeletons
  10 adders
  2 ufetubi (D:5)
  3 adder skeletons
  6 worms
  3 dart slugs
  5 leopard geckos
  40 orcs
  3 ball pythons
  10 bats
  6 giant cockroaches
  12 goblins
  4 hobgoblins
  16 jackals
  2 quokkas
  5 frilled lizards
  A jackal skeleton (D:4)
  A jackal zombie (D:5)
  18 kobolds
  A quokka zombie (D:10)
  13 rats
419 creatures vanquished.

Vanquished Creatures (collateral kills)
  2 catoblepae (Lair:6)
  8 hydras
  A two-headed ogre (D:8)
  2 death yaks (Lair:6)
  A lindwurm (Lair:4)
  2 orc knights (Bailey)
  3 oklob plants (Lair:5)
  A cyclops (D:11)
  3 elephants
  3 black mambas
  8 rime drakes
  Maggie (D:6)
  4 cane toads
  A komodo dragon (Lair:4)
  Prince Ribbit (D:6)
  2 trolls
  4 dream sheep (Lair:5)
  7 blink frogs
  A wraith (D:11)
  A wyvern (Lair:5)
  32 yaks
  3 basilisks
  2 vampire mosquitoes (Lair:3)
  3 water moccasins
  A hell hound (Lair:5)
  A sky beast (D:11)
  8 orc warriors (Bailey)
  A necrophage (D:7)
  A black bear (D:10)
  2 ogres (D:8)
  9 wolves (Lair:3)
  5 bullfrogs
  3 killer bees
  15 wights
  4 electric eels
  6 orc wizards
  2 orc priests
  A centaur skeleton (D:4)
  4 hell rats (Lair:5)
  7 worker ants
  A worker ant zombie (D:7)
  An adder skeleton (D:8)
  2 worms (Lair:2)
  5 orcs
  A quokka (D:11)
  A giant cockroach zombie (D:5)
  A jackal zombie (D:7)
  A bush (Lair:6)
179 creatures vanquished.

Vanquished Creatures (others)
  A fire vortex (Lair:2)
  41 fungi
  102 plants
144 creatures vanquished.

Grand Total: 742 creatures vanquished

Notes
Turn   | Place    | Note
-------+----------+-------------------------------------------
     0 | D:1      | robertstho the Gnoll Ice Elementalist began the quest for
                  | the Orb.
     0 | D:1      | Reached XP level 1. HP: 13/13 MP: 6/6
   206 | D:1      | Reached XP level 2. HP: 17/20 MP: 4/7
   556 | D:1      | Reached XP level 3. HP: 25/25 MP: 6/9
   771 | D:1      | Reached skill level 5 in Spellcasting
   951 | D:2      | Reached skill level 1 in Invocations
  1219 | D:2      | Reached skill level 1 in Fighting
  1219 | D:2      | Reached skill level 1 in Short Blades
  1219 | D:2      | Reached skill level 1 in Long Blades
  1219 | D:2      | Reached skill level 1 in Axes
  1219 | D:2      | Reached skill level 1 in Maces & Flails
  1219 | D:2      | Reached skill level 1 in Polearms
  1219 | D:2      | Reached skill level 1 in Staves
  1219 | D:2      | Reached skill level 1 in Slings
  1219 | D:2      | Reached skill level 1 in Bows
  1219 | D:2      | Reached skill level 1 in Crossbows
  1219 | D:2      | Reached skill level 1 in Throwing
  1219 | D:2      | Reached skill level 1 in Armour
  1219 | D:2      | Reached skill level 1 in Shields
  1219 | D:2      | Reached skill level 1 in Unarmed Combat
  1219 | D:2      | Reached skill level 1 in Evocations
  1404 | D:2      | Reached XP level 4. HP: 32/32 MP: 11/11
  2058 | D:3      | Noticed an ogre
  2068 | D:3      | Killed an ogre
  2068 | D:3      | Reached skill level 1 in Conjurations
  2068 | D:3      | Reached skill level 1 in Hexes
  2068 | D:3      | Reached skill level 1 in Summonings
  2068 | D:3      | Reached skill level 1 in Necromancy
  2068 | D:3      | Reached skill level 1 in Translocations
  2068 | D:3      | Reached skill level 1 in Transmutations
  2068 | D:3      | Reached skill level 1 in Fire Magic
  2068 | D:3      | Reached skill level 1 in Air Magic
  2068 | D:3      | Reached skill level 1 in Earth Magic
  2068 | D:3      | Reached skill level 1 in Poison Magic
  2068 | D:3      | Reached XP level 5. HP: 13/37 MP: 2/12
  2073 | D:3      | Learned a level 3 spell: Frozen Ramparts
  2077 | D:3      | Learned a level 3 spell: Ozocubu's Armour
  2082 | D:3      | Learned a level 4 spell: Hailstorm
  2330 | D:3      | Found a runed translucent door.
  2335 | D:3      | Noticed Barbarella's ghost (amateur HuFi)
  2627 | D:3      | Noticed Sigmund
  2637 | D:3      | Killed Sigmund
  2637 | D:3      | Reached skill level 5 in Dodging
  2637 | D:3      | Reached XP level 6. HP: 39/44 MP: 11/14
  3003 | D:3      | Learned a level 4 spell: Summon Ice Beast
  3019 | D:4      | Reached XP level 7. HP: 45/50 MP: 11/15
  3486 | D:4      | Reached skill level 5 in Stealth
  4096 | D:4      | Found a stormy altar of Qazlal.
  4099 | D:4      | Found a blossoming altar of Fedhas.
  4100 | D:4      | Found a sparkling altar of Nemelex Xobeh.
  4101 | D:4      | Found a shimmering altar of Xom.
  4102 | D:4      | Found a radiant altar of Vehumet.
  4103 | D:4      | Found a basalt altar of Yredelemnul.
  4105 | D:4      | Found a sacrificial altar of Ru.
  4174 | D:4      | Found Wuribran's Weapon Shop.
  4185 | D:4      | Got an ichor-stained leather armour
  4195 | D:4      | Identified the +3 leather armour "Aveubb" {rN+ Str+4 Int-3
                  | Dex+3} (You found it on level 4 of the Dungeon)
  4235 | D:5      | Entered Level 5 of the Dungeon
  4247 | D:5      | Found a glowing drain.
  4351 | D:5      | Found a runed translucent door.
  4352 | D:5      | Noticed Crazy Yiuf
  4614 | D:5      | Reached XP level 8. HP: 48/57 MP: 11/16
  5269 | D:5      | Found a shimmering altar of Xom.
  5401 | D:5      | Found a transporter.
  5403 | D:5      | Identified the +6 great mace of Fedhas's Indignation
                  | {vorpal, +Blink rN+++ Str-3}
  5403 | D:5      | You fall into a shaft and drop 2 floors!
  5618 | D:7      | Reached XP level 9. HP: 65/65 MP: 4/18
  5874 | D:7      | Found a stormy altar of Qazlal.
  6668 | D:8      | Found a flagged portal.
  6677 | D:8      | You fall into a shaft and drop 3 floors!
  6679 | D:11     | Noticed a troll
  6691 | D:11     | Killed a troll
  6710 | D:11     | Noticed a cyclops
  6716 | D:10     | Entered Level 10 of the Dungeon
  6750 | D:9      | Found the +7 mace of Variability {chain chaos}
  6788 | D:9      | Found a shimmering altar of Xom.
  6802 | D:9      | Reached skill level 5 in Invocations
  6864 | D:9      | Found a staircase to the Orcish Mines.
  6951 | Bailey   | Entered a bailey
  6951 | Bailey   | Noticed an orc knight
  6952 | Bailey   | Noticed an orc knight
  6984 | Bailey   | Reached XP level 10. HP: 29/73 MP: 3/20
  7366 | Bailey   | Reached skill level 5 in Fighting
  7366 | Bailey   | Reached skill level 5 in Short Blades
  7366 | Bailey   | Reached skill level 5 in Long Blades
  7366 | Bailey   | Reached skill level 5 in Axes
  7366 | Bailey   | Reached skill level 5 in Maces & Flails
  7366 | Bailey   | Reached skill level 5 in Polearms
  7366 | Bailey   | Reached skill level 5 in Staves
  7366 | Bailey   | Reached skill level 5 in Slings
  7366 | Bailey   | Reached skill level 5 in Bows
  7366 | Bailey   | Reached skill level 5 in Crossbows
  7366 | Bailey   | Reached skill level 5 in Throwing
  7366 | Bailey   | Reached skill level 5 in Armour
  7366 | Bailey   | Reached skill level 5 in Shields
  7366 | Bailey   | Reached skill level 5 in Unarmed Combat
  7366 | Bailey   | Reached skill level 5 in Evocations
  7454 | Bailey   | Killed an orc knight
  7462 | Bailey   | Killed an orc knight
  8212 | D:8      | Noticed a two-headed ogre
  8219 | D:8      | Killed a two-headed ogre
  8580 | D:6      | Noticed Prince Ribbit
  8608 | D:6      | Found a staircase to the Ecumenical Temple.
  8821 | Temple   | Entered the Ecumenical Temple
  8903 | Temple   | Became a worshipper of Sif Muna the Loreminder
  8990 | D:6      | Found a blossoming altar of Fedhas.
  9121 | D:6      | Got a transparent falchion
  9129 | D:6      | Noticed Maggie
  9143 | D:6      | Killed Maggie
  9227 | D:6      | Killed Prince Ribbit
  9530 | D:6      | Noticed Eustachio
  9545 | D:6      | Killed Eustachio
  9947 | D:8      | Identified the cursed +2 falchion of the Spheres {pain,
                  | *Corrode +Blink rPois} (You found it on level 6 of the
                  | Dungeon)
 10097 | D:9      | Noticed a seven-headed hydra
 10112 | D:9      | Killed a seven-headed hydra
 10112 | D:9      | Reached * piety under Sif Muna
 10112 | D:9      | Reached XP level 11. HP: 81/81 MP: 13/22
 10770 | D:10     | Reached skill level 5 in Conjurations
 10770 | D:10     | Reached skill level 5 in Hexes
 10770 | D:10     | Reached skill level 5 in Summonings
 10770 | D:10     | Reached skill level 5 in Necromancy
 10770 | D:10     | Reached skill level 5 in Translocations
 10770 | D:10     | Reached skill level 5 in Transmutations
 10770 | D:10     | Reached skill level 5 in Fire Magic
 10770 | D:10     | Reached skill level 5 in Air Magic
 10770 | D:10     | Reached skill level 5 in Earth Magic
 10770 | D:10     | Reached skill level 5 in Poison Magic
 11390 | D:10     | Reached ** piety under Sif Muna
 12061 | D:11     | Noticed a manticore
 12066 | D:11     | Killed a manticore
 12359 | D:11     | Found an ornate altar of the Wu Jian Council.
 12445 | D:11     | Noticed a manticore
 12452 | D:11     | Killed a manticore
 12548 | D:11     | Killed a cyclops
 12858 | D:11     | Noticed a wizard
 12866 | D:11     | Killed a wizard
 13003 | D:11     | Found a staircase to the Lair.
 13151 | Lair:1   | Entered Level 1 of the Lair of Beasts
 13547 | Lair:1   | Noticed a six-headed hydra
 13556 | Lair:1   | Killed a six-headed hydra
 13556 | Lair:1   | Reached XP level 12. HP: 88/88 MP: 24/24
 14078 | Lair:1   | Reached *** piety under Sif Muna
 14519 | Lair:2   | Found a hole to the Spider Nest.
 14699 | Lair:2   | Noticed an eight-headed hydra
 14744 | Lair:2   | Noticed a five-headed hydra
 14755 | Lair:2   | Killed a five-headed hydra
 14770 | Lair:2   | Killed an eight-headed hydra
 15337 | Lair:2   | Noticed a boulder beetle
 15375 | Lair:2   | Killed a boulder beetle
 15648 | Lair:2   | Noticed Urug
 15666 | Lair:2   | Killed Urug
 15856 | Lair:2   | Reached **** piety under Sif Muna
 16116 | Lair:3   | Found a staircase to the Swamp.
 16235 | Lair:3   | Reached XP level 13. HP: 37/97 MP: 25/26
 18138 | Lair:4   | Learned a level 1 spell: Apportation
 18141 | Lair:4   | Learned a level 2 spell: Blink
 18145 | Lair:4   | Learned a level 3 spell: Mephitic Cloud
 18151 | Lair:4   | Learned a level 5 spell: Irradiate
 18607 | Lair:4   | Noticed Nergalle
 18620 | Lair:4   | Killed Nergalle
 19154 | Lair:5   | Reached skill level 10 in Ice Magic
 20044 | Lair:5   | Reached skill level 10 in Spellcasting
 20055 | Lair:5   | Reached ***** piety under Sif Muna
 20241 | Lair:5   | Found a staircase to the Slime Pits.
 21768 | Lair:6   | Entered Level 6 of the Lair of Beasts
 21809 | Lair:6   | Identified Uwnaipuo's Guide on the Entourage (Sif Muna
                  | gifted it to you on level 6 of the Lair of Beasts)
 21809 | Lair:6   | Received a gift from Sif Muna
 21814 | Lair:6   | Reached XP level 14. HP: 75/105 MP: 23/28
 21830 | Lair:6   | Reached skill level 10 in Dodging
 22409 | Lair:6   | Reached skill level 10 in Stealth
 23208 | Lair:6   | Reached skill level 10 in Invocations
 23873 | Lair:6   | Slain by a catoblepas

Illustrated notes

Levels and vault maps discovered:
D:1:      scummos_arrival_simple_fountains, layout_loops_ring
D:2:      layout_loops_ring
D:3:      layout_loops_ring, ebering_ghost_reflecting_pool, uniq_sigmund
D:4:      layout_loops_cross, minitemple, serial_shops, kennysheep_mini_moat
D:5:      minmay_diamond_boxcup, layout_basic, kennysheep_mini,
          gammafunk_ghost_smash, serial_rivers, chequers_serial_rivers_large_a,
          chequers_serial_rivers_micro_e, chequers_serial_rivers_small_3,
          chequers_serial_rivers_micro_b, portal_sewer_entry_d,
          chequers_arboretum, tgw_xom, uniq_crazy_yiuf_cottage
D:6:      cheibrodos_two_vegetables, layout_basic,
          minmay_temple_entry_stoned_glass, fedhas_altar_fruit_tree,
          uniq_prince_ribbit1, uniq_maggie, uniq_eustachio
D:7:      layout_basic, corexii_leaking_fountain,
          nicolae_qazlal_general_emergency
D:8:      layout_rooms, enter_bailey_6, minmay_small_thing
D:9:      layout_roguey, david_orc_2, minmay_guarded_unrand_variability
D:10:     layout_roguey
D:11:     layout_basic, lair_entry_dummy, basic_altar, hex_intersection,
          minmay_librarian
Temple:   jpeg_temple_clearing
Lair:1:   layout_concentric_octagons
Lair:2:   layout_gridlike, nicolae_spider_entry_non_spiders,
          infiniplex_staircase_pool, uniq_urug
Lair:3:   layout_chaotic_city, minmay_swamp_entry_swarm, beast_lair_carwin_8
Lair:4:   layout_loops_ring, uniq_nergalle
Lair:5:   layout_roguey [special_room_mythical_zoo],
          minmay_slime_entry_oklob_open, serial_bayou, serial_bayou_shore_b,
          serial_bayou_shore_a, serial_bayou_lake_a, serial_bayou_pond_c,
          grunt_megastairs_5, lemuel_fruit_tree
Lair:6:   evilmike_catoblepas_cave, layout_regular_city, st_stairs_4,
          grunt_megastairs_1, lemuel_fruit_fields

Skill      XL: |  1  2  3  4  5  6  7  8  9 10 11 12 13 14 |
---------------+-------------------------------------------+-----
Spellcasting   | 5 6 7 8 9 10 | 10.6
Invocations    | 1 2 3 4 5 6 7 8 9 10 | 10.2
Fighting       | 1 2 3 4 5 6 7 8 9 |  9.4
Short Blades   | 1 2 3 4 5 6 7 8 9 |  9.4
Long Blades    | 1 2 3 4 5 6 7 8 9 |  9.4
Axes           | 1 2 3 4 5 6 7 8 9 |  9.4
Maces & Flails | 1 2 3 4 5 6 7 8 9 |  9.4
Polearms       | 1 2 3 4 5 6 7 8 9 |  9.4
Staves         | 1 2 3 4 5 6 7 8 9 |  9.4
Slings         | 1 2 3 4 5 6 7 8 9 |  9.4
Bows           | 1 2 3 4 5 6 7 8 9 |  9.4
Crossbows      | 1 2 3 4 5 6 7 8 9 |  9.4
Throwing       | 1 2 3 4 5 6 7 8 9 |  9.4
Armour         | 1 2 3 4 5 6 7 8 9 |  9.4
Shields        | 1 2 3 4 5 6 7 8 9 |  9.4
Unarmed Combat | 1 2 3 4 5 6 7 8 9 |  9.4
Evocations     | 1 2 3 4 5 6 7 8 9 |  9.4
Conjurations   | 1 2 3 4 5 6 7 |  7.8
Hexes          | 1 2 3 4 5 6 7 |  7.8
Summonings     | 1 2 3 4 5 6 7 |  7.8
Necromancy     | 1 2 3 4 5 6 7 |  7.8
Translocations | 1 2 3 4 5 6 7 |  7.8
Transmutations | 1 2 3 4 5 6 7 |  7.8
Fire Magic     | 1 2 3 4 5 6 7 |  7.8
Air Magic      | 1 2 3 4 5 6 7 |  7.8
Earth Magic    | 1 2 3 4 5 6 7 |  7.8
Poison Magic   | 1 2 3 4 5 6 7 |  7.8
Dodging        | 5 6 7 8 9 10 | 10.4
Stealth        | 5 6 7 8 9 10 | 10.2
Ice Magic      | 8 9 10 | 10.5

Action                   |  1- 3 |  4- 6 |  7- 9 | 10-12 | 13-15 || total
-------------------------+-------+-------+-------+-------+-------++-------
Melee: Short sword       |    42 |    43 |       |       |       ||    85
       Unarmed           |     1 |       |       |       |       ||     1
       Bite              |     1 |     6 |    17 |    21 |    23 ||    68
       Dagger            |       |       |   112 |    29 |       ||   141
       Punch             |       |       |     4 |     7 |     7 ||    18
       Dire flail        |       |       |     7 |     4 |     2 ||    13
       Falchion          |       |       |       |   158 |   107 ||   265
       Great mace        |       |       |       |     1 |       ||     1
 Cast: Freeze            |    27 |    22 |     9 |       |       ||    58
       Frozen Ramparts   |       |    13 |    54 |    87 |    70 ||   224
       Summon Ice Beast  |       |       |    27 |   146 |   161 ||   334
       Irradiate         |       |       |       |       |     1 ||     1
       Mephitic Cloud    |       |       |       |       |     1 ||     1
Invok: Channel Magic     |       |       |       |     1 |     1 ||     2
 Abil: Evoke Invisibilit |       |       |     1 |     1 |       ||     2
Evoke: Wand              |       |       |       |     1 |       ||     1
  Use: Scroll            |       |       |    10 |     6 |     3 ||    19
       Potion            |       |       |       |     1 |       ||     1
 Stab: Sleeping          |     6 |     4 |     1 |     3 |     1 ||    15
       Distracted        |       |       |       |     3 |     2 ||     5
       Confused          |       |       |       |       |     1 ||     1
Armor: Robe              |     4 |     8 |    19 |    10 |       ||    41
       Leather armour    |       |       |     9 |       |       ||     9
       Steam dragon scal |       |       |       |    41 |    29 ||    70
Dodge: Dodged            |    44 |    45 |   143 |   282 |   178 ||   692
       Rpst.: Falchion   |       |       |       |    63 |    43 ||   106

Table legend: (Time is in decaauts)
 A = Elapsed time spent in this place.
 B = Non-inter-level travel time spent in this place.
 C = Inter-level travel time spent in this place.
 D = Time resting spent in this place.
 E = Time spent auto-exploring this place.
 F = Levels seen in this place.
 G = Mean time per level.
                   A        B        C        D        E       F      G
               +--------+--------+--------+--------+--------+-----+--------+
         Total |  23947 |  23293 |    654 |   3071 |  15532 |  19 | 1260.4 |
       Dungeon |  12267 |  11780 |    487 |    544 |   8672 |  11 | 1115.2 |
        Temple |    104 |     62 |     42 |      0 |     61 |   1 |  104.0 |
          Lair |  10767 |  10643 |    124 |   1994 |   6769 |   6 | 1794.5 |
        Bailey |    807 |    807 |      0 |    533 |     30 |   1 |  807.0 |
               +--------+--------+--------+--------+--------+-----+--------+

Top non-repeatable levels by time:
  Lair:5: 2572 daAuts
  Lair:6: 2100 daAuts
  Lair:3: 1851 daAuts
  Lair:2: 1682 daAuts
    D:11: 1586 daAuts
     D:6: 1314 daAuts
  Lair:4: 1295 daAuts
  Lair:1: 1264 daAuts
     D:4: 1225 daAuts
     D:3: 1215 daAuts
     D:5: 1176 daAuts
     D:7: 1142 daAuts
     D:8: 1016 daAuts
     D:1: 935 daAuts
    D:10: 907 daAuts
